 Dungeon Crawl Stone Soup version 0.17.1-2-g5865329 (webtiles) character file.

79 abixa the Cudgeler (level 4, 45/46 HPs)
             Began as an Ogre Warper on Jan 23, 2016.
             Quit the game on level 2 of the Dungeon.
             The game lasted 00:05:17 (1485 turns).

abixa the Cudgeler (Ogre Warper)                    Turns: 1485, Time: 00:05:17

Health: 45/46      AC:  3    Str: 16    XL:     4   Next: 38%
Magic:  7/7        EV: 10    Int: 13    God:
Gold:   66         SH:  0    Dex:  9    Spells: 3 memorised, 2 levels left

rFire  . . .     SeeInvis .     p - +0 flail
rCold  . . .     Clarity  .     b - +0 robe
rNeg   . . .     SustAt   .     (no shield)
rPois  .         Gourm    +     q - +0 hat
rElec  .         Spirit   .     (no cloak)
rCorr  .         Warding  .     (gloves unavailable)
rMut   .         Stasis   .     (boots unavailable)
MR     .....                    n - amulet of the gourmand
Stlth  +.........               (no ring)
                                (no ring)

@: not resistant to hostile enchantments, very unstealthy
A: unfitting armour, tough skin 1
a: no special abilities


You were on level 2 of the Dungeon.
You were completely stuffed.

You visited 1 branch of the dungeon, and saw 2 of its levels.

You collected 66 gold pieces.

Inventory:

Hand Weapons
 p - a +0 flail (weapon)
Missiles
 e - 2 tomahawks of dispersal
 g - 17 arrows
 i - 9 stones (quivered)
Armour
 b - a +0 robe (worn)
 q - a +0 hat (worn)
Jewellery
 n - an amulet of the gourmand (around neck)
Scrolls
 d - a scroll of blinking
 j - a scroll of identify {unknown}
 k - a scroll of magic mapping {unknown}
 l - a scroll of remove curse {unknown}
 o - a scroll of noise {unknown}
Potions
 h - a potion of agility {unknown}
 m - a potion of curing {unknown}
Books
 c - a book of Spatial Translocations

   Spells                             Type                      Level
   a - Apportation                    Translocation                1
   b - Blink                          Translocation                2
   c - Shroud of Golubria             Charms/Translocation         2
   d - Portal Projectile              Translocation                3
   e - Teleport Other                 Translocation                3
   f - Passage of Golubria            Translocation                4
Comestibles
 a - a chunk of flesh
 f - a bread ration


   Skills:
 + Level 3.6 Fighting
 + Level 4.9 Maces & Flails
 + Level 1.8 Throwing
 - Level 2.1 Dodging
 - Level 2.4 Spellcasting
 - Level 2.1 Translocations


You had 2 spell levels left.
You knew the following spells:

 Your Spells              Type           Power        Failure   Level  Hunger
a - Apportation           Tloc           #.........   12%         1    #......
b - Blink                 Tloc           N/A          17%         2    ###....
c - Shroud of Golubria    Chrm/Tloc      #.........   24%         2    ###....


Dungeon Overview and Level Annotations

Branches:
Dungeon (2/15)

Altars:
Sif Muna


Innate Abilities, Weirdness & Mutations

You are too large for most types of armour.
You have tough skin (AC +1).


Message History

No target in view!
You see here a worm corpse.
You butcher the worm corpse.
a - 3 chunks of flesh Eating one of 3 chunks of flesh.
This raw flesh tastes great.
You continue eating. x2
Eating one of 2 chunks of flesh.
This raw flesh tastes great.
You continue eating. x2
i - 4 stones (gained 2)
i - 6 stones (gained 2)
i - 8 stones (gained 2)
i - 9 stones (gained 1)
You see here a robe.
A goblin comes into view.
The goblin shouts!
The goblin hits you but does no damage.
You sock the goblin!
You kill the goblin!
You now have 66 gold pieces (gained 7).
Are you sure you want to abandon this character and quit the game? (Confirm with "yes".)

# #..# #...###......# $%
####..###....##...#### ###
#.....[...._........#
#...))..##....###[..#
#.......###)..# #...#####
#....)..###.### #....!....
#...........# #....>....
')..........#####.........
#......####.##...@........
#...........##............
####+#.### #............
#..# #............ ..#
..########### ..# ##. #..
. .


There were no monsters in sight!

Vanquished Creatures
  Natasha (D:2)
  An adder (D:2)
  An ooze (D:1)
  2 worms (D:2)
  2 giant geckos
  A giant cockroach (D:2)
  6 goblins
  4 hobgoblins
  3 jackals (D:1)
  6 kobolds
  A ball python (D:2)
  2 bats (D:1)
  3 giant newts (D:1)
  3 rats
36 creatures vanquished.

Notes
Turn   | Place    | Note
--------------------------------------------------------------
     0 | D:1      | abixa the Ogre Warper began the quest for the Orb.
     0 | D:1      | Reached XP level 1. HP: 22/22 MP: 3/3
    46 | D:1      | Reached skill level 3 in Maces & Flails
    96 | D:1      | Reached XP level 2. HP: 23/29 MP: 5/5
   233 | D:1      | Reached skill level 4 in Maces & Flails
   524 | D:1      | Reached XP level 3. HP: 31/36 MP: 6/6
   528 | D:1      | Learned a level 2 spell: Blink
   531 | D:1      | Learned a level 2 spell: Shroud of Golubria
  1054 | D:2      | Found a deep blue altar of Sif Muna.
  1194 | D:2      | Noticed Natasha
  1211 | D:2      | Killed Natasha
  1211 | D:2      | Reached XP level 4. HP: 13/45 MP: 7/7
  1485 | D:2      | Quit the game

Action                   |  1- 3 |  4- 6 || total
-------------------------+-------+-------++-------
Melee: Mace              |    86 |       ||    86
       Flail             |     8 |     8 ||    16
Throw: Stone             |    45 |     7 ||    52
       Tomahawk          |     3 |       ||     3
  Eat: Chunk             |     5 |     5 ||    10
